 Dungeon Sprint DCSS version 0.19.1 (webtiles) character file.

10800000 loralnil the Formicid Barricade (level 27, -4/249 HPs)
             Began as a Formicid Fighter on Dec 12, 2016.
             Was the Champion of Makhleb.
             Killed by the air
             ... invoked by a tyrant
              (41 damage)
             ... in the Dungeon (Sprint VIII: "Arena of Blood").
             The game lasted 00:03:21 (108 turns).

loralnil the Formicid Barricade (Formicid Fighter)   Turns: 108, Time: 00:03:22

Health: -4/249     AC: 13    Str: 25    XL:     27
Magic:  42/54      EV: 32    Int:  8    God:    Makhleb [******]
Gold:   0          SH: 20    Dex: 19    Spells: 0 memorised, 80 levels left

rFire  . . .     SeeInvis +     k - +∞ Axe of Woe
rCold  . . .     Gourm    .     a - +0 scale mail
rNeg   . . .     Faith    .     b - +0 shield
rPois  .         Spirit   .     (helmet unavailable)
rElec  .         Reflect  .     (no cloak)
rCorr  .         Harm     .     (no gloves)
MR     ++...                    (no boots)
Stlth  ++++++++..               (no amulet)
                                (no ring)
                                (no ring)

@: no status effects
A: permanent stasis, dig shafts and tunnels, four strong arms, antennae 3
a: Dig, Minor Destruction, Lesser Servant of Makhleb, Major Destruction, Greater
Servant of Makhleb, Renounce Religion


You were in the Dungeon.
You worshipped Makhleb.
Makhleb was exalted by your worship.
You were not hungry.

You visited 1 branch

Inventory:

Hand Weapons
 k - the +∞ Axe of Woe (weapon)
   (You found it in the Dungeon)
Armour
 a - a +0 scale mail (worn)
 b - a +0 shield (worn)
Scrolls
 j - a scroll of blinking
Potions
 c - a potion of might
 e - a potion of curing
 f - a potion of heal wounds
 g - a potion of haste
 h - 2 potions of magic
 i - a potion of berserk rage
Comestibles
 d - a bread ration


   Skills:
 O Level 27 Fighting
 O Level 27 Axes
 O Level 27 Throwing
 O Level 27 Armour
 O Level 27 Dodging
 O Level 27 Stealth
 O Level 27 Shields
 O Level 27 Unarmed Combat
 O Level 27 Spellcasting
 O Level 27 Invocations


You had 80 spell levels left.
You didn't know any spells.

Dungeon Overview and Level Annotations

Branches:
Dungeon (1/1)

Altars:
Makhleb


Innate Abilities, Weirdness & Mutations

You are under a permanent stasis effect.
You can dig through walls and to a lower floor.
Your four strong arms can wield two-handed weapons with a shield.
You have a pair of large antennae on your head. (SInv)


Message History

You slice the meat berserker!!
You slaughter the meat berserker joyfully.
You kill the meat berserker!
Makhleb accepts your kill.
You feel better.
You hear a shout!
The accursed casts a spell at you. Something smites you!
* * * LOW HITPOINT WARNING * * *
You hear a shout!
The dread throws damnation at you.
The sphere of damnation explodes!
The damnation engulfs you!
* * * LOW HITPOINT WARNING * * *
You hear a shout!
The observer gazes at you. Something smites you!
* * * LOW HITPOINT WARNING * * *
The tyrant waves its bony arms in wide circles.
The air twists around and strikes you!
You die...

... #..... .#W { #..
#...G. .. .#... #..
#LX.X. oO#......###..
#..o.# ...o.%.....%...
#.X..##.......#.......
#.....#S....#.......#.
#=..†.)###..........#_
#....@##.%.%#..2...)#.
#...)#.O......#.).)%..
#....#.V)))))....).).)
#....)...G)))))))###..
#...†..))D)G)))))..#..
#..................#..
#...M.....#...........
#..W.....#.#§#........
#.........#.#.........


You could see an accursed, a tyrant, an eight-headed meat hydra, a destroyer, 3
observers, a scourge, 3 large abominations, 2 dreads, 2 meat berserkers and 3
bags of meat.

Vanquished Creatures
  6 hell beasts (D)
  7 greater mummies (D)
  A great orb of eyes (D)
  2 wraiths (D)
  7 vampire knights (D)
  20 ogres (D)
  2 liches (D)
  4 hydras (D)
  71 orcs (D)
  3 phantoms (D)
  5 hill giants (D)
  4 skeletal warriors (D)
  6 large abominations (D)
  10 small abominations (D)
  11 crawling corpses (D)
159 creatures vanquished.

Vanquished Creatures (others)
  2 crawling corpses (D)
2 creatures vanquished.

Grand Total: 161 creatures vanquished

Notes
Turn   | Place    | Note
-------+----------+-------------------------------------------
     0 | D        | loralnil the Formicid Fighter began the quest for the Orb.
     0 | D        | Reached XP level 1. HP: 18/18 MP: 1/1
     2 | D        | Noticed a bag of meat
     3 | D        | Became a worshipper of Makhleb the Destroyer
     4 | D        | Noticed a bag of meat
     6 | D        | Noticed a bag of meat
     7 | D        | Noticed a meat berserker
     7 | D        | Killed a meat berserker
     7 | D        | Reached skill level 10 in Unarmed Combat
     7 | D        | Reached XP level 2. HP: 50/50 MP: 2/2
     7 | D        | Reached XP level 3. HP: 57/57 MP: 3/3
     7 | D        | Reached XP level 4. HP: 64/64 MP: 4/4
     7 | D        | Reached XP level 5. HP: 70/70 MP: 5/5
     7 | D        | Reached XP level 6. HP: 78/78 MP: 6/6
     7 | D        | Reached XP level 7. HP: 84/84 MP: 7/7
     7 | D        | Reached XP level 8. HP: 91/91 MP: 8/8
     7 | D        | Reached XP level 9. HP: 98/98 MP: 9/9
     7 | D        | Reached XP level 10. HP: 105/105 MP: 10/10
     7 | D        | Reached XP level 11. HP: 112/112 MP: 11/11
     7 | D        | Reached XP level 12. HP: 119/119 MP: 12/12
     7 | D        | Reached XP level 13. HP: 125/125 MP: 13/13
     8 | D        | Noticed a bag of meat
     8 | D        | Noticed a meat berserker
     8 | D        | Killed a bag of meat
     8 | D        | Reached * piety under Makhleb
     8 | D        | Reached XP level 14. HP: 136/136 MP: 14/14
     8 | D        | Killed a bag of meat
     8 | D        | Reached XP level 15. HP: 146/146 MP: 15/15
    10 | D        | Noticed a large bag of meat
    12 | D        | Killed a meat berserker
    12 | D        | Reached ** piety under Makhleb
    12 | D        | Reached XP level 16. HP: 132/162 MP: 16/16
    13 | D        | Reached skill level 27 in Shields
    14 | D        | Noticed a meat berserker
    14 | D        | Reached skill level 27 in Fighting
    14 | D        | Reached skill level 15 in Axes
    14 | D        | Reached skill level 27 in Armour
    14 | D        | Reached XP level 17. HP: 167/174 MP: 17/17
    15 | D        | Noticed a meat berserker
    15 | D        | Reached *** piety under Makhleb
    15 | D        | Reached skill level 15 in Unarmed Combat
    15 | D        | Reached XP level 18. HP: 182/182 MP: 18/18
    16 | D        | Noticed a meat berserker
    17 | D        | Noticed a large bag of meat
    18 | D        | Killed a meat berserker
    18 | D        | Killed a large bag of meat
    18 | D        | Reached skill level 27 in Axes
    19 | D        | Killed a meat berserker
    19 | D        | Reached **** piety under Makhleb
    19 | D        | Reached XP level 19. HP: 189/189 MP: 19/19
    19 | D        | Killed a meat berserker
    19 | D        | Reached skill level 27 in Unarmed Combat
    19 | D        | Reached skill level 5 in Dodging
    19 | D        | Reached XP level 20. HP: 197/197 MP: 19/29
    20 | D        | Noticed a meat berserker
    20 | D        | Noticed a destroyer
    20 | D        | Reached ***** piety under Makhleb
    20 | D        | Reached skill level 10 in Dodging
    21 | D        | Reached XP level 21. HP: 204/204 MP: 19/39
    22 | D        | Noticed a large bag of meat
    22 | D        | Killed a large bag of meat
    22 | D        | Reached skill level 15 in Throwing
    22 | D        | Reached skill level 15 in Spellcasting
    23 | D        | Noticed a large bag of meat
    23 | D        | Noticed a destroyer
    24 | D        | Reached skill level 15 in Dodging
    24 | D        | Killed a destroyer
    24 | D        | Reached XP level 22. HP: 212/212 MP: 19/45
    24 | D        | Killed a destroyer
    24 | D        | Reached ****** piety under Makhleb
    25 | D        | Noticed a meat berserker
    26 | D        | Noticed a meat berserker
    28 | D        | Killed a meat berserker
    28 | D        | Reached skill level 27 in Stealth
    28 | D        | Reached XP level 23. HP: 219/219 MP: 21/49
    28 | D        | Reached skill level 27 in Invocations
    29 | D        | Reached skill level 27 in Throwing
    29 | D        | Reached skill level 27 in Spellcasting
    29 | D        | Reached XP level 24. HP: 227/227 MP: 21/54
    30 | D        | Noticed a destroyer
    30 | D        | Reached skill level 27 in Dodging
    31 | D        | Noticed a destroyer
    32 | D        | Reached XP level 25. HP: 234/234 MP: 22/54
    33 | D        | Killed a destroyer
    34 | D        | Reached XP level 26. HP: 242/242 MP: 22/54
    35 | D        | Killed a destroyer
    36 | D        | Reached XP level 27. HP: 249/249 MP: 23/54
    40 | D        | Noticed a destroyer
    43 | D        | Killed a destroyer
    46 | D        | Noticed an accursed
    46 | D        | Killed an accursed
    47 | D        | Noticed a destroyer
    48 | D        | Noticed a destroyer
    52 | D        | Noticed an accursed
    52 | D        | Noticed a tyrant
    53 | D        | Noticed an accursed
    53 | D        | Killed an accursed
    55 | D        | Noticed an accursed
    55 | D        | Noticed an accursed
    56 | D        | Killed a destroyer
    56 | D        | Killed a destroyer
    64 | D        | Noticed a meat beast
    64 | D        | Killed an accursed
    66 | D        | Noticed a meat beast
    68 | D        | Killed a tyrant
    68 | D        | Killed a meat beast
    69 | D        | Noticed a meat beast
    69 | D        | Noticed a dread
    70 | D        | Noticed a meat beast
    70 | D        | Killed an accursed
    71 | D        | Noticed a meat beast
    71 | D        | Noticed a dread
    72 | D        | Killed a meat beast
    73 | D        | Killed a meat beast
    75 | D        | Killed a meat beast
    75 | D        | Killed a meat beast
    75 | D        | Killed an accursed
    81 | D        | Noticed a meat beast
    81 | D        | Killed a dread
    84 | D        | Killed a meat beast
    89 | D        | Noticed an accursed
    90 | D        | Noticed a tyrant
    94 | D        | Noticed a dread
    98 | D        | Noticed an accursed
    99 | D        | Killed an accursed
   102 | D        | Noticed a tyrant
   102 | D        | Killed a tyrant
   104 | D        | Killed an accursed
   105 | D        | Noticed an accursed
   106 | D        | Noticed a destroyer
   106 | D        | Killed a dread
   107 | D        | HP: 5/249 [observer/fireball (47)]
   108 | D        | Noticed a dread
   108 | D        | Killed from afar by a tyrant

Skill      XL: |  1  2  3  4  5  6  7  8  9 10 11 12 13 14 15 16 17 18 19 20 21 22 23 24 |
---------------+-------------------------------------------------------------------------+-----
Fighting       | 19 20 22 25 27 | 27.0
Axes           | 4 6 7 11 15 21 27 | 27.0
Armour         | 19 21 22 25 27 | 27.0
Shields        | 21 22 23 26 27 | 27.0
Unarmed Combat | 10 11 12 14 16 25 27 | 27.0
Throwing       | 6 14 19 22 27 | 27.0
Dodging        | 5 13 18 21 25 27 | 27.0
Stealth        | 8 17 24 27 | 27.0
Spellcasting   | 6 14 19 22 27 | 27.0
Invocations    | 7 16 22 26 27 | 27.0

Action                   |  1- 3 |  4- 6 |  7- 9 | 10-12 | 13-15 | 16-18 | 19-21 | 22-24 | 25-27 || total
-------------------------+-------+-------+-------+-------+-------+-------+-------+-------+-------++-------
Melee: Executioner's axe |     1 |       |       |       |     3 |     5 |     4 |     4 |    58 ||    75
 Stab: Distracted        |       |       |       |       |       |       |       |       |     2 ||     2
Armor: Scale mail        |       |       |       |       |       |       |       |       |     3 ||     3
Dodge: Dodged            |       |       |       |       |       |       |     1 |       |    18 ||    19
Block: Shield            |       |       |       |       |       |     1 |       |     1 |    10 ||    12
